 Dungeon Crawl Stone Soup version 0.25.1-2-g60ff931df9 (webtiles) character file.

Game seed: 12884874068084088252

358 ew1980 the Insei (level 6, -9/41 HPs)
             Began as an Octopode Transmuter on Nov 25, 2020.
             Was a Follower of Okawaru.
             Killed by nerve-wracking pain
             ... invoked by Grinder
              (14 damage)
             ... while paralysed by Grinder
             ... on level 4 of the Dungeon.
             The game lasted 00:10:22 (3870 turns).

ew1980 the Insei (Octopode Transmuter)              Turns: 3870, Time: 00:10:23

Health: -9/41      AC:  2    Str:  9    XL:     6   Next: 64%
Magic:  9/10       EV:  5    Int: 18    God:    Okawaru [*.....]
Gold:   185        SH:  0    Dex: 17    Spells: 2/11 levels left

rFire    . . .     SeeInvis .     - Unarmed
rCold    . . .     Gourm    .   (shield currently unavailable)
rNeg     . . .     Faith    .   (helmet currently unavailable)
rPois    x         Spirit   .   f - amulet of regeneration
rElec    .         Reflect  .   (no ring)
rCorr    .         Harm     .   (no ring)
MR       .....                  (no ring)
Stlth    ++........             (no ring)
HPRegen  0.53/turn              (no ring)
MPRegen  0.12/turn              (no ring)
                                (no ring)
                                (no ring)

@: paralysed, spider-form (expiring)
A: tiny, almost no armour, stealthy swim, (amphibious), 8 rings, (constrict 8)
a: End Transformation, Heroism, Renounce Religion


You were on level 4 of the Dungeon.
You worshipped Okawaru.
Okawaru was aware of your devotion.
You were not hungry.
You were a venomous arachnid creature.
You visited 1 branch of the dungeon, and saw 4 of its levels.

You collected 185 gold pieces.

Inventory:

Missiles
 a - 134 arrows
Jewellery
 f - an amulet of regeneration (around neck)
Wands
 e - a wand of iceblast (6)
Scrolls
 g - 3 scrolls of teleportation
 l - 3 scrolls of amnesia
 n - a scroll of fog {unknown}
 o - a scroll of enchant armour
Potions
 b - a potion of brilliance
 d - 2 potions of magic
 h - a potion of lignification {unknown}
 i - 2 potions of might
 k - a potion of heal wounds {unknown}
 m - a potion of curing {unknown}
Comestibles
 c - 10 rations
 j - a chunk of flesh


   Skills:
 + Level 2.5 Fighting
 - Level 2.4 Dodging
 * Level 4.9 Unarmed Combat
 + Level 3.1 Spellcasting
 + Level 3.2 Transmutations
 + Level 2.0 Invocations


You had 2 spell levels left.
You knew the following spells:

 Your Spells              Type           Power        Failure   Level  Hunger
a - Sticks to Snakes      Tmut           ##......     17%         2    ##.....
b - Spider Form           Tmut/Pois      #.........   47%         3    ###....
c - Ice Form              Ice/Tmut       #.......     82%         4    ####...

Your spell library contained the following spells:

 Spells                   Type           Power        Failure   Level  Hunger
 Beastly Appendage        Tmut           ##....       13%         1    None
 Animate Skeleton         Necr           N/A          34%         1    None
 Apportation              Tloc           #.....       34%         1    None
 Corona                   Hex            #......      34%         1    None
 Summon Small Mammal      Summ           #...         34%         1    None
 Blade Hands              Tmut           ##........   89%         5    ######.


Dungeon Overview and Level Annotations

Branches:
Dungeon (4/15)
 Temple: D:4-7

Altars:
Ashenzari
Okawaru

Annotations:
D:3 2 transporters
D:4 Dowan, Duvessa, Grinder


Innate Abilities, Weirdness & Mutations

You cannot wear most types of armour.
You are very stealthy in the water. (Stealth+)
((You are amphibious.))
You can wear up to eight rings at the same time.
((You can use your tentacles to constrict eight enemies at once.))
((Your skin changes colour to match your surroundings (Stealth+).))
((Your rubbery body absorbs attacks. (AC +1, EV +1)))


Message History

The quokka bites you but does no damage.
Grinder grins, showing sharp teeth.
Grinder closely misses you.
You barely miss Grinder.
Grinder is heavily wounded.
The quokka bites you.
* * * LOW HITPOINT WARNING * * *
You closely miss Grinder.
Grinder is heavily wounded.
Your transformation is almost over.
Grinder gestures at you.
You suddenly lose the ability to move!
The quokka barely misses you. Grinder barely misses you. The quokka bites you.
* * * LOW HITPOINT WARNING * * *
Grinder gestures at you. You resist with significant effort.
The quokka barely misses you. The quokka completely misses you.
Grinder gestures at you. Pain shoots through your body!
You die...

################
#..............#
#..............#
#..............#
#.............######
#.............##....
##.....###....##....
##.5...###....##....
#..s................
#..r................
#...................
#...................
+...................
##.....#########....
#.....# .....##....
....... ......>....
.......#...........


You could see Grinder (very poisoned) and a quokka (poisoned).

Vanquished Creatures
  A scorpion (D:4)
  A hound (D:4)
  An orc wizard (D:4)
  2 orc priests (D:4)
  Ijyb (D:4)
  2 worker ants (D:4)
  A hound skeleton (D:4)
  A gnoll (D:1)
  An adder (D:2)
  An adder skeleton (D:4)
  A worm (D:4)
  2 dart slugs
  4 leopard geckos
  9 orcs
  5 giant cockroaches
  2 goblins (D:1)
  5 hobgoblins
  4 jackals (D:2)
  5 kobolds
  2 quokkas
  6 bats
  6 frilled lizards
  5 rats
68 creatures vanquished.

Vanquished Creatures (collateral kills)
  An ooze (D:3)
  A hobgoblin (D:2)
  A kobold (D:3)
3 creatures vanquished.

Grand Total: 71 creatures vanquished

Notes
Turn   | Place    | Note
-------+----------+-------------------------------------------
     0 | D:1      | ew1980 the Octopode Transmuter began the quest for the Orb.
     0 | D:1      | Reached XP level 1. HP: 13/13 MP: 3/3
   276 | D:1      | Found a shattered altar of Ashenzari.
   448 | D:1      | Reached XP level 2. HP: 16/18 MP: 5/5
   983 | D:1      | Reached XP level 3. HP: 23/23 MP: 6/6
   987 | D:1      | Learned a level 2 spell: Sticks to Snakes
   991 | D:1      | Learned a level 3 spell: Spider Form
  1870 | D:2      | Found a faded altar of an unknown god.
  1880 | D:2      | Reached XP level 4. HP: 28/28 MP: 7/7
  2391 | D:3      | Found an iron altar of Okawaru.
  2397 | D:3      | Became a worshipper of Warmaster Okawaru
  2476 | D:3      | Found a transporter.
  2512 | D:3      | Noticed a kobold demonologist
  2701 | D:3      | Found a transporter.
  2851 | D:4      | Reached skill level 4 in Unarmed Combat
  2853 | D:4      | Reached skill level 1 in Invocations
  2853 | D:4      | Reached XP level 5. HP: 28/34 MP: 2/9
  2924 | D:4      | Noticed Duvessa
  2924 | D:4      | Noticed Dowan
  2947 | D:4      | Noticed Ijyb
  2966 | D:4      | Killed Ijyb
  3213 | D:4      | Reached XP level 6. HP: 34/39 MP: 7/10
  3479 | D:4      | Reached * piety under Okawaru
  3684 | D:4      | Learned a level 4 spell: Ice Form
  3851 | D:4      | Noticed Grinder
  3857 | D:4      | Paralysed by Grinder for 3 turns
  3867 | D:4      | Paralysed by Grinder for 4 turns
  3870 | D:4      | Killed from afar by Grinder

Illustrated notes

Levels and vault maps discovered:
D:1:      dpeg_arrival_tiny_c, layout_loops_corners, ashenzari_altar_1
D:2:      layout_loops_cross, chequers_ecumenical_altar_simple
D:3:      gammafunk_wand_slinger, layout_rooms, okawaru_ov_weapons_minmay,
          grunt_decor_cap
D:4:      layout_gridville, first_ration, serial_bayou_pond_a,
          serial_park_tiny_2, uniq_grinder, uniq_ijyb, uniq_pikel, uniq_duvessa,
          uniq_natasha

Skill      XL: |  1  2  3  4  5  6 |
---------------+-------------------+-----
Unarmed Combat | 4 |  4.9
Fighting       | 2 |  2.5
Invocations    | 1 2 |  2.0
Transmutations | 3 |  3.2
Spellcasting   | 3 |  3.1
Dodging        | |  2.4

Action                   |  1- 3 |  4- 6 || total
-------------------------+-------+-------++-------
Melee: Unarmed           |    77 |   123 ||   200
       Constrict         |    23 |    16 ||    39
       Tentacles         |     9 |    10 ||    19
       Punch             |     3 |     1 ||     4
       Kick              |     2 |       ||     2
 Cast: Sticks to Snakes  |     3 |     3 ||     6
       Beastly Appendage |     2 |       ||     2
       Spider Form       |       |     6 ||     6
  Use: Scroll            |       |     8 ||     8
 Stab: Sleeping          |     4 |     3 ||     7
  Eat: Chunk             |     3 |     8 ||    11
Armor: Skin              |     7 |     8 ||    15
Dodge: Dodged            |    51 |   105 ||   156
